AoeStats
← schmeno

Arabia

510642083Analyzed
1v1 RM · 1d ago on Oct 1, 2026· 33m 59s· 2 players
Game mode
Random Map
Map size
Tiny (2 player)
Population
200
Speed
Normal
Resources
Standard
Victory
Conquest
Starting age
Dark Age
Ending age
Imperial Age
RankedLock teamsTeams togetherTeam positionsShared explorationLock speedFull tech treeHidden civsTurbo modeCheats
Victory
Defeat
🇲🇽 Mongols · Mexico
1249
+14
🇺🇸 Saxons · United States
1197
-14
RESuS
6:14 Loom
8:26 Feudal Age
9:29 Double-Bit Axe
10:30 Horse Collar
15:48 Wheelbarrow
18:26 Gold Mining
20:49 Castle Age
19:35 Fletching
20:41 Padded Archer Armor
21:00 Elite Skirmisher
21:39 Bodkin Arrow
22:20 Bow Saw
23:01 Leather Archer Armor
35:04 Imperial Age
33:28 Stone Mining
schmeno
6:28 Loom
8:53 Feudal Age
9:57 Double-Bit Axe
20:31 Castle Age
18:43 Fletching
19:40 Padded Archer Armor
20:34 Crossbowman
21:12 Bodkin Arrow
24:25 Horse Collar
26:09 Gold Mining
28:30 Redemption
Connection lost

Rejoining the realm…

Still unreachable

The connection could not be restored.

Session expired

The server has moved on; the page needs a fresh start.